 Dungeon Crawl Stone Soup version 0.14-a0-3315-g09e681a (webtiles) character file.

333 4tharraofdagon the Chopper (level 5, -2/46 HPs)
             Began as a Minotaur Gladiator on Mar 15, 2014.
             Killed from afar by Voker57's ghost (17 damage)
             ... with an orb of energy
             ... on Level 5 of the Dungeon.
             The game lasted 00:02:40 (576 turns).

4tharraofdagon the Chopper (Minotaur Gladiator)      Turns: 576, Time: 00:02:40

HP  -2/46        AC  9     Str 21      XL: 5   Next: 93%
MP   2/2         EV  7     Int  5      God:
Gold 76          SH  0     Dex 10      Spells:  0 memorised,  4 levels left

rFire  + . .     SeeInvis .     a - +0 war axe
rCold  . . .     Clarity  .     h - +0 chain mail
rNeg   . . .     Conserve .     (no shield)
rPois  .         rCorr    .     c - +0 hat
rElec  .         rRot     .     (no cloak)
SustAb . .       Spirit   .     (no gloves)
rMut   .         Warding  .     (no boots)
Saprov . . .     Stasis   .     (no amulet)
MR     .....                    (no ring)
                                e - ring of protection from fire {unknown}

@: not resistant to hostile enchantments, extremely unstealthy
A: retaliatory headbutt, horns 2
a: no special abilities


You were on level 5 of the Dungeon.
You were not hungry.

You visited 1 branch of the dungeon, and saw 5 of its levels.

You collected 76 gold pieces.

Inventory:

Hand weapons
 a - a +0,+0 war axe (weapon)
Missiles
 d - 3 throwing nets (quivered)
Armour
 b - a +0 leather armour
 c - a +0 hat (worn)
 h - a +0 chain mail (worn)
Comestibles
 f - 2 bread rations
 g - 2 meat rations
 k - a choko
Scrolls
 l - 2 scrolls of teleportation {unknown}
 m - 4 scrolls of magic mapping {unknown}
 n - a scroll of recharging {unknown}
 o - a scroll of identify {unknown}
 p - a scroll of fear {unknown}
 q - a scroll of enchant weapon II {unknown}
Jewellery
 e - a ring of protection from fire (left hand) {unknown}
Potions
 i - a potion of heal wounds {unknown}
 j - 2 potions of curing


   Skills:
 + Level 4.2 Fighting
 * Level 6.3 Axes
 - Level 2.0 Throwing
 + Level 3.1 Armour
 - Level 3.2 Dodging


You had 4 spell levels left.
You didn't know any spells.

Dungeon Overview and Level Annotations

Branches:
Dungeon (5/15)
 Temple: D:4-7

Altars:

Annotations:
D:5 Voker57's ghost, experienced NaCj


Innate Abilities, Weirdness & Mutations

You reflexively headbutt those who attack you in melee.
You have a pair of horns on your head.


Message History

Your headbutt misses Voker57's ghost.
Voker57's ghost is moderately damaged.
Voker57's ghost hits you!
You slash Voker57's ghost! Your headbutt misses Voker57's ghost.
Voker57's ghost is heavily damaged.
You completely miss Voker57's ghost.
Voker57's ghost is heavily damaged.
Voker57's ghost hits you but does no damage.
You hit Voker57's ghost. Your headbutt misses Voker57's ghost.
Voker57's ghost is severely damaged.
Voker57's ghost hits you but does no damage.
You closely miss Voker57's ghost.
Voker57's ghost is severely damaged.
Voker57's ghost closely misses you. You furiously retaliate!
You headbutt Voker57's ghost. You closely miss Voker57's ghost.
Voker57's ghost is severely damaged.
Voker57's ghost casts a spell at you. The orb of energy hits you!
You die...

# #.# #. #.# . ##.##.#
#.## #...... .. #...
###.....###...# #....
.................
##....#########.### #.#
...................# #.#
.....≈.p@...≈≈##.#.# #.#
.....≈≈....≈≈≈##.#.# #.#
...≈≈≈≈....≈.##.#.# #.#
.(.≈≈≈≈......##.#.###.#
..≈≈≈≈≈≈.....##.#...#.##
.≈≈≈≈≈≈≈....##.#......#
≈≈≈≈≈≈≈≈...##.#......#
≈≈≈≈≈≈≈≈..# .#.##...>
≈≈≈≈≈≈≈.# #.######


You could see Voker57's ghost.

Vanquished Creatures
  Grinder (D:5)
  An orc zombie (D:5)
  A worm (D:4)
  4 jackals (D:1)
  4 bats
  A giant newt (D:4)
  2 goblins
  2 kobolds (D:2)
  3 rats
19 creatures vanquished.

Vanquished Creatures (others)
  A giant newt (D:5)
1 creature vanquished.

Grand Total: 20 creatures vanquished

Notes
Turn   | Place    | Note
--------------------------------------------------------------
     0 | D:1      | 4tharraofdagon, the Minotaur Gladiator, began the quest for the Orb.
     0 | D:1      | Reached XP level 1. HP: 18/18 MP: 1/1
   201 | D:2      | Reached XP level 2. HP: 23/25 MP: 1/1
   217 | D:2      | Reached skill level 4 in Axes
   346 | D:4      | Reached skill level 1 in Armour
   435 | D:5      | Entered Level 5 of the Dungeon
   435 | D:5      | Noticed Grinder
   466 | D:5      | Killed Grinder
   466 | D:5      | Reached skill level 6 in Axes
   466 | D:5      | Reached XP level 3. HP: 29/33 MP: 2/2
   466 | D:5      | Reached XP level 4. HP: 35/40 MP: 2/2
   466 | D:5      | Reached XP level 5. HP: 40/46 MP: 2/2
   558 | D:5      | Noticed Voker57's ghost (experienced NaCj)
   576 | D:5      | Killed from afar by Voker57's ghost

Action                   |  1- 3 |  4- 6 || total
-------------------------+-------+-------++-------
Melee: War axe           |    47 |    17 ||    64
Throw: Throwing net      |     7 |       ||     7
  Use: Potion            |     2 |       ||     2
